 Dungeon Crawl Stone Soup version 0.20.0-15-g7f486f2 (console) character file.

67 removed the Slasher (level 4, -3/27 HPs)
             Began as a Deep Elf Fighter on June 11, 2017.
             Slain by Sigmund
             ... wielding a +1 scythe of venom
              (8 damage)
             ... on level 3 of the Dungeon.
             The game lasted 00:01:59 (2074 turns).

removed the Slasher (Deep Elf Fighter)              Turns: 2074, Time: 00:02:00

Health: -3/27      AC:  7    Str: 13    XL:     4   Next: 0%
Magic:  6/6        EV:  6    Int: 13    God:
Gold:   90         SH: 11    Dex: 15    Spells: 3/3 levels left

rFire    . . .     SeeInvis +   a - +0 long sword
rCold    . . .     Gourm    .   c - +0 shield
rNeg     . . .     Faith    .   b - +0 scale mail
rPois    .         Spirit   .   (no helmet)
rElec    .         Reflect  +   (no cloak)
rCorr    .         Harm     .   (no gloves)
MR       .....                  h - +0 pair of boots
Stlth    ..........             u - +3 amulet of reflection
Regen    0.1/turn               p - ring of see invisible
MPRegen  0.1/turn               (no ring)

@: lethally poisoned (-3 -> -16)
A: no striking features
a: no special abilities


You were on level 3 of the Dungeon.
You were hungry.

You visited 1 branch of the dungeon, and saw 3 of its levels.

You collected 90 gold pieces.

Inventory:

Hand Weapons
 a - a +0 long sword (weapon)
Armour
 b - a +0 scale mail (worn)
 c - a +0 shield (worn)
 h - a +0 pair of boots (worn)
 r - a cursed +0 robe
Jewellery
 p - a ring of see invisible (left hand)
 u - a +3 amulet of reflection (around neck)
Scrolls
 i - 2 scrolls of teleportation {unknown}
 j - a scroll of random uselessness {unknown}
 n - a scroll of blinking {unknown}
 o - 3 scrolls of remove curse {unknown}
 q - 2 scrolls of enchant armour {unknown}
 s - a scroll of identify {unknown}
 t - a scroll of immolation {unknown}
Potions
 d - a potion of might
Books
 v - a book of Minor Magic

   Spells                             Type                      Level
   a - Magic Dart                     Conjuration                  1
   b - Blink                          Translocation                2
   c - Call Imp                       Summoning                    2
   d - Slow                           Hexes                        2
   e - Conjure Flame                  Conjuration/Fire             3
   f - Mephitic Cloud                 Conjuration/Poison/Air       3
Comestibles
 f - 5 bread rations
 k - a royal jelly
 m - 3 meat rations


   Skills:
 - Level 2.4 Fighting
 + Level 3.9 Long Blades
 - Level 2.4 Armour
 - Level 2.4 Shields


You had 3 spell levels left.
You didn't know any spells.

Dungeon Overview and Level Annotations

Branches:
Dungeon (3/15)

Altars:
Cheibriados
Hepliaklqana

Annotations:
D:3 Sigmund


Message History

Sigmund hits you with a scythe of venom.
You are more poisoned.
You block the kobold's attack.
Unknown command.
You completely miss Sigmund.
You feel sick. You block the kobold's attack. Sigmund closely misses you.
You closely miss Sigmund.
* * * LOW HITPOINT WARNING * * *
You feel sick. You block the kobold's attack. Sigmund closely misses you.
Unknown command.
You hit Sigmund but do no damage.
* * * LOW HITPOINT WARNING * * *
You feel sick. You block the kobold's attack.
Unknown command.
You slash Sigmund!
Sigmund is moderately wounded.
* * * LOW HITPOINT WARNING * * *
You feel sick. You block the kobold's attack.
Sigmund hits you with a scythe of venom!
You die...

#...............
###...............
##.................
...........(......
(.................
..............#
........†....#
#......)K..# #
#.......@..# #.
#.?.....@..# #.
###.#####.### #.#
##...# ...# #..##
#.<### ###.### #.<#
#..## #@.)..####
##.## #.#
..@..?.#......# #...#
#..
#########.###.###...#
#. #...#...#...#


You could see Sigmund and a kobold.

Vanquished Creatures
  2 adders (D:2)
  3 dart slugs
  2 leopard geckos
  An orc (D:2)
  2 giant cockroaches
  5 goblins
  5 hobgoblins (D:1)
  3 jackals (D:2)
  A ball python (D:2)
  4 bats
  4 frilled lizards
  7 kobolds (D:1)
  2 rats (D:1)
41 creatures vanquished.

Vanquished Creatures (others)
  4 toadstools (D:1)
4 creatures vanquished.

Grand Total: 45 creatures vanquished

Notes
Turn   | Place    | Note
-------+----------+-------------------------------------------
     0 | D:1      | removed the Deep Elf Fighter began the quest for the Orb.
     0 | D:1      | Reached XP level 1. HP: 13/13 MP: 3/3
    14 | D:1      | Reached skill level 2 in Long Blades
   376 | D:1      | Reached XP level 2. HP: 17/18 MP: 4/4
   562 | D:1      | Reached skill level 3 in Long Blades
   919 | D:2      | Reached XP level 3. HP: 17/22 MP: 5/5
  1087 | D:2      | Found a snail-covered altar of Cheibriados.
  1866 | D:2      | Found a hazy altar of Hepliaklqana.
  2016 | D:3      | Noticed Sigmund
  2067 | D:3      | Reached XP level 4. HP: 21/27 MP: 6/6
  2074 | D:3      | Slain by Sigmund

Skill      XL: |  1  2 |
---------------+-------+-----
Long Blades    | 2 3 |  3.9
Fighting       | |  2.4
Armour         | |  2.4
Shields        | |  2.4

Action                   |  1- 3 |  4- 6 || total
-------------------------+-------+-------++-------
Melee: Long sword        |   145 |     5 ||   150
  Eat: Chunk             |     3 |       ||     3
Armor: Scale mail        |    90 |     1 ||    91
Dodge: Dodged            |    64 |     2 ||    66
Block: Shield            |    94 |     6 ||   100
       Reflection        |     1 |       ||     1
       Rpst.: Long sword |    21 |       ||    21
